 Dungeon Crawl Stone Soup version 0.25-a0-517-gf8b3a32422 (webtiles) character file.

Game seed: 13059073787273880089, levelgen mode: classic

5427 EnegeticOcto the Cleaver (level 10, 49/96 HPs)
             Began as a Deep Dwarf Fighter on Feb 17, 2020.
             Quit the game on level 10 of the Dungeon.
             The game lasted 00:04:35 (6264 turns).

EnegeticOcto the Cleaver (Deep Dwarf Fighter)       Turns: 6264, Time: 00:04:36

Health: 49/96      AC: 19    Str: 24    XL:     10   Next: 40%
Magic:  1/1        EV:  8    Int:  8    God:
Gold:   316        SH: 12    Dex: 12    Spells: 9/9 levels left

rFire    . . .     SeeInvis .   a - +1 war axe
rCold    . . .     Gourm    .   c - +1 kite shield
rNeg     . . .     Faith    .   v - +0 plate armour
rPois    .         Spirit   .   (no helmet)
rElec    .         Reflect  .   q - +2 cloak {MR+}
rCorr    .         Harm     .   l - +2 pair of gloves
MR       ++...                  (no boots)
Stlth    ..........             (no amulet)
HPRegen  0.00/turn              (no ring)
MPRegen  0.07/turn              (no ring)

@: non-regenerating, studying Bows
A: damage resistance, heal wounds, sense surroundings 2, no regeneration
a: Heal Wounds


You were on level 10 of the Dungeon.
You were hungry.

You visited 2 branches of the dungeon, and saw 11 of its levels.
You also visited: Sewer.

You collected 316 gold pieces.

Inventory:

Hand Weapons
 a - a +1 war axe (weapon)
Armour
 c - a +1 kite shield (worn)
 l - a +2 pair of gloves (worn)
 q - a +2 cloak of magic resistance (worn)
 v - a +0 plate armour (worn)
 w - a scarf of resistance
Wands
 y - a wand of flame (21)
 B - a wand of acid (7) {@V1}
Scrolls
 b - a scroll of summoning
 d - 3 scrolls of teleportation {@r2}
 f - a scroll of identify {@r1}
 g - 2 scrolls of blinking {@r3}
 j - 2 scrolls of remove curse {@r6}
 o - a scroll of fear
 t - 4 scrolls of fog
Potions
 h - 3 potions of invisibility
 k - 4 potions of might {@q3}
 n - 4 potions of haste {@q4}
 p - 6 potions of curing {@q1}
 r - 3 potions of magic
 s - a potion of heal wounds {@q2}
 z - a potion of berserk rage
Books
 u - a manual of Bows
Miscellaneous
 x - a phantom mirror
Comestibles
 e - 16 rations


   Skills:
 * Level 8.1 Fighting
 * Level 9.4 Axes
 + Level 7.2 Armour
 + Level 6.3 Dodging
 + Level 7.2 Shields


You had 9 spell levels left.
You didn't know any spells.
Your spell library contained the following spells:

 Spells                   Type           Power        Failure   Level  Hunger
 Magic Dart               Conj           #...         100%        1    ##.....
 Blink                    Tloc           N/A          100%        2    ###....
 Call Imp                 Summ           #.......     100%        2    ###....
 Slow                     Hex            #.......     100%        2    ###....
 Confusing Touch          Hex            #.......     100%        3    ####...
 Conjure Flame            Conj/Fire      #.......     100%        3    ####...
 Gell's Gravitas          Tloc           #.........   100%        3    ####...
 Mephitic Cloud           Conj/Pois/Air  #.......     100%        3    ####...
 Cause Fear               Hex            #.........   100%        4    #####..
 Petrify                  Tmut/Erth      #.......     100%        4    #####..
 Metabolic Englaciation   Hex/Ice        #.........   100%        5    ######.
 Silence                  Hex/Air        #.........   100%        5    ######.
 Yara's Violent Unravell  Hex/Tmut       #.........   100%        5    ######.
 Deflect Missiles         Chrm/Air       #.........   100%        6    #######
 Discord                  Hex            #.........   100%        8    #######


Dungeon Overview and Level Annotations

Branches:
Dungeon (10/15)            Temple (1/1) D:4           Sewer (visited)
   Lair: D:8-11         Orc: D:9-12

Altars:
Ashenzari
Cheibriados
Dithmenos
Elyvilon
Fedhas
Gozag
Hepliaklqana
Kikubaaqudgha
Nemelex Xobeh
Okawaru
Qazlal
Ru
Sif Muna
Trog
Uskayaw
Wu Jian
Xom
Yredelemnul
Zin
The Shining One

Shops:
D:4 (   D:5 *

Annotations:
D:5 exclusion: door
D:6 2 runed translucent doors


Innate Abilities, Weirdness & Mutations

You are resistant to damage.
You can heal yourself by infusing magical energy.
You passively map the area around you.
You do not regenerate.


Message History

You are too injured to fight recklessly!
You are too injured to fight recklessly!
You are too injured to fight recklessly!
You are too injured to fight recklessly!
You are too injured to fight recklessly!
You fail to use your ability.
You are too injured to fight recklessly!
You are too injured to fight recklessly!
You are too injured to fight recklessly!
You are too injured to fight recklessly!
You are too injured to fight recklessly!
You are too injured to fight recklessly!
You are too injured to fight recklessly!
You are too injured to fight recklessly!
You are too injured to fight recklessly!
You are too injured to fight recklessly!
You feel much better.
The two-headed ogre hits you with a +0 giant spiked club!
You block the two-headed ogre's attack.
You slash the two-headed ogre!
The two-headed ogre is severely wounded.
You block the two-headed ogre's attack. x2
Your shield and plate armour prevent you from hitting the two-headed ogre.
The two-headed ogre is severely wounded.
You block the two-headed ogre's attack.
The two-headed ogre hits you but does no damage.
You hit the two-headed ogre.
The two-headed ogre is severely wounded.
You hit the two-headed ogre.
The two-headed ogre is severely wounded.
The two-headed ogre hits you but does no damage.
You block the two-headed ogre's attack.
You slash the two-headed ogre!
The two-headed ogre is almost dead.
The two-headed ogre hits you but does no damage.
The two-headed ogre hits you with a +0 giant club!
You hit the two-headed ogre but do no damage.
The two-headed ogre is almost dead.
The two-headed ogre hits you with a +0 giant spiked club!!
* * * LOW HITPOINT WARNING * * *
The two-headed ogre hits you with a +0 giant club!
* * * LOW HITPOINT WARNING * * *
You are too injured to fight recklessly!
You are too injured to fight recklessly!
You are too injured to fight recklessly!
You are too injured to fight recklessly!
You are too injured to fight recklessly!
You are too injured to fight recklessly!
You are too injured to fight recklessly!
You are too injured to fight recklessly!
You feel much better.
Your magical essence is drained by the effort!
You feel much better.
The two-headed ogre hits you with a +0 giant spiked club!
The two-headed ogre hits you with a +0 giant club!
You hit the two-headed ogre.
The two-headed ogre is almost dead.
The two-headed ogre hits you with a +0 giant spiked club.
The two-headed ogre hits you but does no damage.
You are too injured to fight recklessly!
You are too injured to fight recklessly!
You are too injured to fight recklessly!
You are too injured to fight recklessly!
You are too injured to fight recklessly!
You are too injured to fight recklessly!
You are too injured to fight recklessly!
You are too injured to fight recklessly!
Your magical essence is drained by the effort!
You feel much better.
You are feeling hungry.
You block the two-headed ogre's attack.
The two-headed ogre hits you with a +0 giant club.
You hit the two-headed ogre.
You kill the two-headed ogre!
Your Fighting skill increases to level 8!
Something completely misses you.
No target in view!
No target in view!
No target in view!
No target in view!
No target in view!
No target in view!
No target in view!
No target in view!
No target in view!
No target in view!
No target in view!
No target in view!
No target in view!
You block something's attack.
Deactivating autopickup; reactivate with Ctrl-A.
Things that are here:
a +0 giant spiked club; a +0 giant club Something hits you but does no damage.
Something hits you.
You hit something but do no damage. Something hits you. Something hits you.
Something hits you but does no damage. You block something's attack.
You block something's attack. Something hits you but does no damage.
Something hits you.
Are you sure you want to abandon this character and quit the game? (Confirm with "yes".)

, ,, *** *** , , ,
, ########## * **
#......... , , ,
##.......,* ** *
,.......##, *,
#############....#,
, , **
...........)....@#
,
.......<.#######.#
, ** , *
.................#
......<...######.#
, , , ............
,..#, ,, , , *,
..........###* ###
* * * .........).,
, , *,
#######.####* * * *
, #.# * , *


There were no monsters in sight!

Vanquished Creatures
  2 two-headed ogres
  A troll (D:9)
  3 hippogriffs
  A spriggan (D:8)
  Edmund (D:6)
  2 water moccasins
  An ice beast (D:9)
  3 orc warriors
  2 sky beasts
  A black bear (D:9)
  4 ogres
  A phantom (D:9)
  7 centaurs
  6 bullfrogs
  2 howler monkeys
  2 hounds (D:7)
  A jelly (D:7)
  4 orc priests
  2 bullfrog skeletons
  Crazy Yiuf (D:7)
  A centaur skeleton (D:8)
  6 orc wizards
  3 worker ants
  2 worker ant zombies (D:5)
  8 adders
  5 gnolls
  A river rat (Sewer)
  A shadow imp (D:8)
  3 worms
  4 leopard geckos
  13 orcs
  3 bats
  7 giant cockroaches
  A hobgoblin (D:2)
  11 jackals
  3 ball pythons
  8 frilled lizards
  11 goblins
  A jackal skeleton (D:4)
  3 jackal zombies (D:5)
  2 kobolds
  2 quokka skeletons
  10 rats
156 creatures vanquished.

Notes
Turn   | Place    | Note
-------+----------+-------------------------------------------
     0 | D:1      | EnegeticOcto the Deep Dwarf Fighter began the quest for the
                  | Orb.
     0 | D:1      | Reached XP level 1. HP: 20/20 MP: 1/1
   127 | D:2      | Reached XP level 2. HP: 24/27 MP: 2/2
   416 | D:3      | Reached skill level 1 in Dodging
   511 | D:3      | Reached XP level 3. HP: 30/34 MP: 3/3
   655 | D:4      | Found a sparkling altar of Nemelex Xobeh.
   693 | D:4      | Found a shattered altar of Ashenzari.
   836 | D:4      | Noticed an ogre
   854 | D:4      | Reached skill level 3 in Axes
   872 | D:4      | Killed an ogre
   872 | D:4      | Reached XP level 4. HP: 36/43 MP: 4/4
   872 | D:4      | Reached XP level 5. HP: 41/49 MP: 5/5
   918 | D:4      | Found Omughud's Antique Weapon Emporium.
   921 | D:4      | Found a glowing drain.
   955 | Sewer    | Entered a sewer
  1390 | D:4      | Found a staircase to the Ecumenical Temple.
  1399 | Temple   | Entered the Ecumenical Temple
  1877 | D:5      | Entered Level 5 of the Dungeon
  1890 | D:5      | Reached skill level 4 in Axes
  1894 | D:5      | Reached XP level 6. HP: 45/57 MP: 6/6
  1913 | D:5      | Noticed an orc warrior
  1928 | D:5      | Killed an orc warrior
  2037 | D:5      | Found Ysyol's Assorted Antiques.
  2342 | D:5      | Found a shadowy altar of Dithmenos.
  2415 | D:5      | Found a shimmering blue altar of Sif Muna.
  2559 | D:5      | Reached XP level 7. HP: 50/66 MP: 5/5
  2871 | D:6      | Found a large runed translucent door.
  2871 | D:6      | Found a large runed translucent door.
  2918 | D:6      | Reached skill level 5 in Axes
  2966 | D:6      | Found a large runed translucent door.
  2966 | D:6      | Found a large runed translucent door.
  3052 | D:6      | Found a bloodstained altar of Trog.
  3165 | D:6      | Reached skill level 5 in Fighting
  3266 | D:6      | Reached skill level 5 in Armour
  3386 | D:6      | Reached XP level 8. HP: 45/74 MP: 5/5
  3431 | D:6      | Noticed Edmund
  3457 | D:6      | Killed Edmund
  3457 | D:6      | Reached skill level 5 in Shields
  3581 | D:6      | Reached skill level 6 in Axes
  4119 | D:7      | Noticed a hippogriff
  4126 | D:7      | Killed a hippogriff
  4126 | D:7      | Reached skill level 7 in Axes
  4202 | D:7      | Found a glowing silver altar of Zin.
  4285 | D:7      | Gained mutation: You passively map the area around you.
                  | [Deep Dwarf growth]
  4285 | D:7      | Reached XP level 9. HP: 61/85 MP: 4/4
  4546 | D:7      | Found a runed translucent door.
  4547 | D:7      | Noticed Crazy Yiuf
  4806 | D:7      | Killed Crazy Yiuf
  4993 | D:8      | Noticed a two-headed ogre
  5008 | D:8      | Killed a two-headed ogre
  5008 | D:8      | Reached skill level 8 in Axes
  5008 | D:8      | Reached skill level 5 in Dodging
  5053 | D:8      | Found a blossoming altar of Fedhas.
  5091 | D:8      | Found a hide-covered altar of Uskayaw.
  5109 | D:8      | Found a shimmering altar of Xom.
  5155 | D:8      | Found a snail-covered altar of Cheibriados.
  5627 | D:9      | Noticed a troll
  5642 | D:9      | Killed a troll
  5731 | D:9      | Found an iron altar of Okawaru.
  5744 | D:9      | Reached XP level 10. HP: 59/94 MP: 3/3
  5881 | D:9      | Reached skill level 9 in Axes
  6006 | D:9      | Found a glowing golden altar of the Shining One.
  6231 | D:10     | Entered Level 10 of the Dungeon
  6231 | D:10     | Noticed a two-headed ogre
  6256 | D:10     | Killed a two-headed ogre
  6264 | D:10     | Quit the game

Levels and vault maps discovered:
D:1:      dpeg_arrival_tiny_k, layout_loops_ring, amethyst_killhole
D:2:      layout_loops_ring, gammafunk_temple_overflow_pools, uniq_natasha,
          uniq_jessica
D:3:      layout_loops_cross, ebering_ghost_rock_garden
D:4:      layout_basic, cheibrodos_ashenzari_chains, lemuel_round_altar,
          minmay_temple_entry_waves, first_ration, serial_shops,
          nicolae_shop_overgrown_old_shop, portal_sewer_entry_b,
          minmay_ogre_servants
D:5:      layout_basic, led_sif_book, serial_shops,
          nicolae_shop_competitors_out_of_business, basic_altar,
          minmay_manual_mail
D:6:      kennysheep_six_static_rooms, layout_basic, old_standard_altar,
          minmay_hollow_rounded_squares, uniq_edmund
D:7:      layout_loops_corners, zin_statuary, uniq_crazy_yiuf_cottage
D:8:      layout_loops_cross, nicolae_overflow_quartered_altars, the_bakery,
          nicolae_straight_to_the_point
D:9:      layout_roguey, okawaru_trees_1, nicolae_tso_carved_into_rock
D:10:     layout_basic, orc_0_dummy, elyvilon_altar_5
Temple:   jpeg_temple_island

Skill      XL: |  1  2  3  4  5  6  7  8  9 10 |
---------------+-------------------------------+-----
Fighting       | 3 4 5 6 7 8 |  8.1
Dodging        | 1 2 3 4 5 6 |  6.3
Axes           | 3 4 5 7 8 9 |  9.4
Armour         | 4 5 6 7 |  7.2
Shields        | 4 5 6 7 |  7.2

Action                   |  1- 3 |  4- 6 |  7- 9 | 10-12 || total
-------------------------+-------+-------+-------+-------++-------
Melee: War axe           |   127 |   150 |   351 |    80 ||   708
 Abil: Heal Wounds       |     2 |     3 |    14 |     6 ||    25
  Use: Scroll            |       |    11 |     5 |     4 ||    20
  Eat: Chunk             |       |     5 |     9 |     1 ||    15
       Ration            |       |       |     1 |       ||     1
Armor: Scale mail        |    56 |    48 |       |       ||   104
       Plate armour      |       |    23 |   213 |    49 ||   285
Dodge: Dodged            |    37 |    57 |   115 |    29 ||   238
       Deflected         |       |     2 |       |       ||     2
Block: Kite shield       |    75 |    79 |   188 |    58 ||   400

Table legend:
 A = Non-vault XP
 B = Vault XP
 C = Vault XP percentage of total XP
 D = Non-vault monster count
 E = Vault monster count
 F = Vault count percentage of total count
                 A         B        C        D         E       F
            +---------+---------+-------+---------+---------+-------
      Total |    6358 |    1395 |  18.0 |     107 |      49 |  31.4
            +---------+---------+-------+---------+---------+-------
        D:1 |       8 |       0 |   0.0 |       6 |       0 |   0.0
        D:2 |      16 |       0 |   0.0 |       7 |       0 |   0.0
        D:3 |      23 |       0 |   0.0 |      12 |       0 |   0.0
        D:4 |      57 |     144 |  71.6 |       7 |      14 |  66.7
        D:5 |     256 |     184 |  41.8 |      11 |       5 |  31.2
        D:6 |     536 |     763 |  58.7 |      11 |      13 |  54.2
        D:7 |    1001 |      40 |   3.8 |      15 |       1 |   6.2
        D:8 |    1269 |     211 |  14.3 |      11 |       1 |   8.3
        D:9 |    2298 |       0 |   0.0 |      26 |       0 |   0.0
       D:10 |     894 |       0 |   0.0 |       1 |       0 |   0.0
      Sewer |       0 |      53 | 100.0 |       0 |      15 | 100.0
            +---------+---------+-------+---------+---------+-------
